 Dungeon Crawl Stone Soup version 0.28-a0-1074-g3cb2360906 (webtiles) character file.

Game seed: 1127497303146211167

152 CheeseeCupcake the Cudgeller (level 5, -3/32 HPs)
             Began as a Gargoyle Fighter on Dec 27, 2019.
             Slain by Eustachio (7 damage)
             ... on level 4 of the Dungeon on Dec 9, 2021.
             The game lasted 00:29:42 (4380 turns).

CheeseeCupcake the Cudgeller (Gargoyle Fighter)     Turns: 4380, Time: 00:29:43

Health: -3/32      AC: 10    Str: 21      XL:     5   Next: 34%
Magic:  5/5        EV:  7    Int:  8      God:
Gold:   171        SH:  8    Dex:  7 (9)  Spells: 4/4 levels left

rFire   . . .      SeeInvis .   t - +0 flail (protect)
rCold   . . .      Faith    .   c - +0 kite shield
rNeg    + . .      Spirit   .   b - +0 scale mail
rPois   ∞          Reflect  .   j - +0 hat
rElec   +          Harm     .   q - scarf {repulsion}
rCorr   .          Rampage  .   (no gloves)
Will    .....                   (no boots)
Stlth   ..........              (no amulet)
HPRegen 0.10/turn               (no ring)
MPRegen 0.09/turn               (no ring)

@: repel missiles
A: sickness immunity, AC +4, negative energy resistance 1, electricity
resistance, torment resistance 1, petrification resistance
a: no special abilities


You were on level 4 of the Dungeon.
You visited 1 branch of the dungeon, and saw 4 of its levels.

You collected 171 gold pieces.

Inventory:

Hand Weapons
 t - a +0 flail of protection (weapon)
Missiles
 n - 71 stones (quivered)
 o - 5 datura-tipped darts
Armour
 b - a +0 scale mail (worn)
 c - a +0 kite shield (worn)
 j - a +0 hat (worn)
 q - a scarf of repulsion (worn)
Scrolls
 e - 2 scrolls of magic mapping {unknown}
 i - 2 scrolls of fog {unknown}
 k - a scroll of enchant armour {unknown}
 l - 3 scrolls of identify {unknown}
 m - 4 scrolls of teleportation {unknown}
 p - a scroll of immolation {unknown}
 s - 2 scrolls of vulnerability {unknown}
Potions
 d - a potion of might
 g - 3 potions of curing {unknown}
 h - a potion of flight {unknown}
Comestibles
 f - 3 removed foods


   Skills:
 - Level 3.2 Fighting
 * Level 4.5 Maces & Flails
 - Level 3.2 Armour
 + Level 4.5 Shields


You had 4 spell levels left.
You didn't know any spells.
Your spell library was empty.

Dungeon Overview and Level Annotations

Branches:
Dungeon (4/15)
 Temple: D:4-7

Altars:
Ashenzari
Kikubaaqudgha
Vehumet

Annotations:
D:4 Blork the orc, Eustachio


Innate Abilities, Weirdness & Mutations

You are immune to sickness and miasma.
Your stone body is resilient. (AC +4)
You are immune to poison.
You resist negative energy. (rN+)
You are resistant to electric shocks. (rElec)
You are resistant to unholy torment.
You are immune to petrification.


Message History

Eustachio is lightly wounded.
Eustachio hits you with a +0 falchion. x2
You hit Eustachio but do no damage.
Your weapon exudes an aura of protection.
Eustachio is lightly wounded.
You block Eustachio's attack. Eustachio hits you but does no damage.
You closely miss Eustachio.
Eustachio is lightly wounded.
Eustachio hits you with a +0 falchion!
* * * LOW HITPOINT WARNING * * *
You block Eustachio's attack.
You barely miss Eustachio.
Eustachio is lightly wounded.
Eustachio completely misses you. You block Eustachio's attack.
You barely miss Eustachio.
Eustachio is lightly wounded.
Eustachio barely misses you. x2
You hear a shout!
Eustachio barely misses you. You block Eustachio's attack.
You block Eustachio's attack.
Eustachio shouts!
Eustachio hits you but does no damage. Eustachio barely misses you.
Eustachio is no longer moving quickly.
Eustachio no longer looks unusually strong.
Eustachio is no longer in an insane frenzy.
You see here a +0 club.
An orc comes into view. It is wielding a +0 club.
An orc comes into view. It is wielding a +0 flail.
The orc shouts! x2
There are monsters nearby!
You block Eustachio's attack.
You barely miss Eustachio.
Eustachio is lightly wounded.
Eustachio casts a spell.
You barely miss Eustachio.
Eustachio is lightly wounded.
Eustachio hits you with a +0 falchion!
You die...

###
#######.#
#@@5....#
#.#####.#
#5#####.#
#o#.....#
#o#.#####
#.#.###
#.#<..#
#.#.#.#
#.#.#.#


You could see Eustachio (slow), an iron imp (summoned), a shadow imp (summoned)
and 2 orcs.

Vanquished Creatures
  A bullfrog skeleton (D:4)
  An orc priest (D:3)
  An adder (D:2)
  5 endoplasms
  3 dart slugs (D:2)
  6 orcs
  A removed leopard gecko (D:1)
  5 hobgoblins
  2 jackals (D:1)
  3 quokkas
  4 ball pythons
  5 bats
  5 frilled lizards
  6 goblins
  3 kobolds
  3 rats
54 creatures vanquished.

Notes
Turn   | Place    | Note
-------+----------+-------------------------------------------
     0 | D:1      | CheeseeCupcake the Gargoyle Fighter began the quest for the
                  | Orb.
     0 | D:1      | Reached XP level 1. HP: 14/14 MP: 1/1
   228 | D:1      | Reached XP level 2. HP: 18/19 MP: 2/2
   912 | D:2      | Found a radiant altar of Vehumet.
   916 | D:2      | Found an ancient bone altar of Kikubaaqudgha.
   949 | D:2      | Reached XP level 3. HP: 15/23 MP: 3/3
  1079 | D:2      | Upgraded the game from 0.25-a0-317-g5f8687bca5 to
                  | 0.28-a0-1074-g3cb2360906
  1566 | D:2      | Found a broken altar of Ashenzari.
  1580 | D:2      | Reached XP level 4. HP: 25/28 MP: 4/4
  1961 | D:4      | Noticed Blork the orc
  2999 | D:3      | Reached XP level 5. HP: 24/32 MP: 5/5
  3371 | D:4      | Noticed Eustachio
  4380 | D:4      | Slain by Eustachio

Illustrated notes

Levels and vault maps discovered:
D:1:      dpeg_arrival_tiny_g, layout_basic
D:2:      layout_rooms, grunt_temple_overflow_open, ashenzari_altar_1
D:3:      layout_basic
D:4:      layout_basic, minmay_temple_entry_offerings,
          nicolae_ossuary_entry_giza, uniq_eustachio, uniq_blork_the_orc,
          uniq_ijyb, uniq_grinder

Skill      XL: |  1  2  3  4 |
---------------+-------------+-----
Maces & Flails | 3 4 |  4.5
Shields        | 4 |  4.5
Fighting       | |  3.2
Armour         | |  3.2

Action                   |  1- 3 |  4- 6 || total
-------------------------+-------+-------++-------
Melee: Flail             |   115 |   153 ||   268
Throw: Dart              |       |     1 ||     1
  Use: Scroll            |       |     1 ||     1
  Eat: Removed food      |     1 |       ||     1
Armor: Scale mail        |    82 |   120 ||   202
Dodge: Dodged            |    31 |    89 ||   120
       Repelled          |       |     2 ||     2
Block: Kite shield       |    49 |   107 ||   156

Table legend: (Time is in decaauts)
 A = Elapsed time spent in this place.
 B = Non-inter-level travel time spent in this place.
 C = Inter-level travel time spent in this place.
 D = Time resting spent in this place.
 E = Time spent auto-exploring this place.
 F = Levels seen in this place.
 G = Mean time per level.
                   A        B        C        D        E       F      G
               +--------+--------+--------+--------+--------+-----+--------+
         Total |   4495 |   4421 |     74 |   1636 |   1703 |   4 | 1123.8 |
       Dungeon |   4495 |   4421 |     74 |   1636 |   1703 |   4 | 1123.8 |
               +--------+--------+--------+--------+--------+-----+--------+

Top non-repeatable levels by time:
     D:3: 2369 daAuts
     D:2: 803 daAuts
     D:4: 224 daAuts
Note: time per level data comes from an upgraded game and may be incomplete.
